 Dungeon Crawl Stone Soup version 0.28.0-49-g6dfe1f597d (webtiles) character file.

Game seed: 10774890942186445433

1832 Exodus22XD the Chopper (level 8, 0/73 HPs)
             Began as a Deep Dwarf Fighter on May 14, 2022.
             Was a Follower of Makhleb.
             Slain by an ogre
             ... wielding a +0 halberd
              (6 damage)
             ... in a bailey.
             The game lasted 00:06:03 (4473 turns).

Exodus22XD the Chopper (Deep Dwarf Fighter)         Turns: 4473, Time: 00:06:03

Health: 0/73       AC: 14    Str: 22    XL:     8   Next: 86%
Magic:  5/5        EV:  9    Int:  9    God:    Makhleb [*.....]
Gold:   336        SH:  5    Dex: 12    Spells: 7/7 levels left

rFire   + + +      SeeInvis .   r - +6 spear of the Badger {vorpal, rF+}
rCold   . . .      Faith    .   c - +0 buckler
rNeg    + . .      Spirit   .   q - +3 scale mail {rF+}
rPois   .          Reflect  .   y - +0 helmet
rElec   .          Harm     .   B - +0 cloak
rCorr   .          Rampage  .   (no gloves)
Will    +....                   h - +0 pair of boots
Stlth   ..........              (no amulet)
HPRegen 0.00/turn               s - ring of protection from fire
MPRegen 0.09/turn               t - ring of positive energy

@: no status effects
A: damage resistance, heal wounds, sense surroundings 1, no regeneration
a: Heal Wounds, Renounce Religion


You were in a bailey.
You worshipped Makhleb.
Makhleb was aware of your devotion.
You visited 1 branch of the dungeon, and saw 7 of its levels.
You also visited: Bailey.

You collected 336 gold pieces.

Inventory:

Hand Weapons
 a - a +0 war axe
 r - the +6 spear of the Badger (weapon) {vorpal, rF+}
   (You found it on level 3 of the Dungeon)

   It inflicts extra damage upon your enemies.
   rF:        It protects you from fire.
 x - a +0 antimagic flail
 C - the +3 halberd of Terra Cotta {antimagic, rElec Str+3}
   (You found it on level 7 of the Dungeon)

   It reduces the magical energy of the wielder, and disrupts the spells and
   magical abilities of those it strikes.
   Natural abilities and divine invocations are not affected.
   Str:       It affects your strength (+3).
   rElec:     It insulates you from electricity.
Armour
 c - a +0 buckler (worn)
 h - a +0 pair of boots (worn)
 q - a +3 scale mail of fire resistance (worn)
 y - a +0 helmet (worn)
 B - a +0 cloak (worn)
Jewellery
 s - a ring of protection from fire (left hand)
 t - a ring of positive energy (right hand)
Scrolls
 b - 2 scrolls of brand weapon {unknown}
 g - 6 scrolls of teleportation {unknown}
 i - a scroll of immolation {unknown}
 l - 3 scrolls of enchant armour {unknown}
 m - a scroll of noise {unknown}
 n - a scroll of amnesia {unknown}
 o - 2 scrolls of blinking {unknown}
 p - a scroll of vulnerability {unknown}
 v - 2 scrolls of identify {unknown}
 A - a scroll of fog {unknown}
Potions
 d - 2 potions of might
 e - a potion of degeneration {unknown}
 f - a potion of curing
 j - 2 potions of heal wounds {unknown}
 k - 3 potions of mutation {unknown}
 u - 2 potions of flight {unknown}
 w - a potion of attraction {unknown}
 z - 3 potions of brilliance {unknown}


   Skills:
 + Level 4.6 Fighting
 * Level 7.1(8.4) Axes
 + Level 5.5(6.8) Polearms
 + Level 6.3 Armour
 + Level 5.0 Shields


You had 7 spell levels left.
You didn't know any spells.
Your spell library contained the following spells:

 Spells                   Type           Power      Damage    Failure   Level
 Confusing Touch          Hex            0%         N/A       98%         3
 Yara's Violent Unravell  Hex/Tmut       0%         3d3       100%        5
 Enfeeble                 Hex            0%         N/A       100%        7


Dungeon Overview and Level Annotations

Branches:
Dungeon (7/15)             Temple (0/1) D:5          Bailey (1/1)

Altars:
Cheibriados
Fedhas
Kikubaaqudgha
Makhleb
Sif Muna
Vehumet

Shops:
D:2 [

Annotations:
D:3 1 runed translucent door, mistmaker's ghost, weakling MiBe
D:5 1 runed translucent door, Crazy Yiuf


Innate Abilities, Weirdness & Mutations

You are resistant to damage.
You can heal yourself by infusing magical energy.
You passively map a small area around you.
You do not regenerate.


Message History

An ogre comes into view. It is wielding a +0 halberd. x2
You reach to attack!
Your unstable footing causes you to fumble your attack.
The ogre shouts! x2
An ogre comes into view. It is wielding a +0 halberd.
The ogre barely misses you.
The ogre shouts!
You hear a shout!
You block the ogre's attack.
The ogre hits you from afar with a +0 halberd.
The ogre closely misses you. The ogre hits you with a +0 halberd!
A spriggan comes into view. It is wielding a +0 spear.
The ogre hits you from afar with a +0 glaive.
The ogre barely misses you.
You puncture the ogre!
The ogre is moderately wounded.
The ogre hits you from afar with a +0 halberd!
You barely miss the ogre.
The ogre is moderately wounded.
The ogre hits you from afar with a +0 glaive.
The ogre hits you with a +0 halberd.
You are too injured to fight recklessly!
You are too injured to fight recklessly!
Unknown command.
You are too injured to fight recklessly!
Unknown command.
You barely miss the ogre.
The ogre is moderately wounded.
The ogre hits you from afar with a +0 halberd!
The ogre closely misses you.
You hit the ogre but do no damage.
The ogre is moderately wounded.
The ogre hits you from afar with a +0 glaive!
* * * LOW HITPOINT WARNING * * *
The ogre barely misses you.
You puncture the ogre!
The ogre is almost dead.
The ogre hits you from afar with a +0 halberd!
* * * LOW HITPOINT WARNING * * *
The ogre hits you with a +0 halberd!
You die...

* ., , ### ..
##.## * ..# *
##...## ..#
#.....# ..# ,
##.....###..#*
*
#...∩.@≈OO..♣,
,
#.....O≈Oi..#,
#......≈O≈..#
#......≈≈≈..♣,
#...∩..≈≈≈..#
##.....###..#*
, #.....# #..#
##...## #..
##.##


You could see 5 ogres and a spriggan.

Vanquished Creatures
  Grinder (D:5)
  Sigmund (D:4)
  Edmund (D:5)
  2 water moccasins (D:6)
  An ogre (D:5)
  A phantom (D:5)
  Blork the orc (D:5)
  A kobold brigand (D:5)
  A bullfrog (D:4)
  A wyvern zombie (D:6)
  3 scorpions
  2 centaur zombies
  3 hounds
  A centaur skeleton (D:6)
  Terence (D:3)
  2 iguanas
  3 orc wizards
  2 hound skeletons
  6 gnolls
  3 adders
  2 ufetubi
  4 adder skeletons
  2 worms
  2 dart slugs
  11 orcs
  4 ball pythons
  5 endoplasms
  4 giant cockroaches
  5 goblins
  6 hobgoblins
  10 jackals
  10 kobolds
  6 quokkas
  4 bats
  4 frilled lizards
  4 rats
120 creatures vanquished.

Notes
Turn   | Place    | Note
-------+----------+-------------------------------------------
     0 | D:1      | Exodus22XD the Deep Dwarf Fighter began the quest for the
                  | Orb.
     0 | D:1      | Reached XP level 1. HP: 20/20 MP: 1/1
    97 | D:1      | Reached XP level 2. HP: 21/27 MP: 2/2
   249 | D:1      | Reached XP level 3. HP: 20/34 MP: 3/3
   269 | D:1      | Reached skill level 3 in Axes
   580 | D:2      | Found Egrof's Antique Armour Boutique.
   594 | D:2      | Found a snail-covered altar of Cheibriados.
   993 | D:2      | Reached XP level 4. HP: 22/42 MP: 4/4
  1087 | D:3      | Found a radiant altar of Vehumet.
  1225 | D:3      | Found a runed translucent door.
  1230 | D:3      | Noticed mistmaker's ghost (weakling MiBe)
  1291 | D:3      | Reached skill level 4 in Axes
  1362 | D:3      | Found a shimmering blue altar of Sif Muna.
  1377 | D:3      | Reached XP level 5. HP: 45/49 MP: 4/4
  1492 | D:3      | Noticed Terence
  1507 | D:3      | Killed Terence
  1527 | D:3      | Identified the +6 spear of the Badger {vorpal, rF+}
  1711 | D:4      | Reached skill level 5 in Axes
  1755 | D:4      | Reached XP level 6. HP: 31/56 MP: 5/5
  1763 | D:4      | Found an ancient bone altar of Kikubaaqudgha.
  1862 | D:4      | Noticed Sigmund
  1880 | D:4      | Killed Sigmund
  1881 | D:4      | Reached skill level 1 in Polearms
  2177 | D:4      | Found a blossoming altar of Fedhas.
  2440 | D:5      | Entered Level 5 of the Dungeon
  2447 | D:5      | Noticed Blork the orc
  2449 | D:5      | Reached XP level 7. HP: 30/63 MP: 6/6
  2457 | D:5      | Killed Blork the orc
  2458 | D:5      | Reached skill level 5 in Armour
  2554 | D:5      | Reached skill level 6 in Axes
  2807 | D:5      | Found a burning altar of Makhleb.
  2897 | D:5      | Became a worshipper of Makhleb the Destroyer
  3047 | D:5      | Found a staircase to the Ecumenical Temple.
  3072 | D:5      | Noticed Grinder
  3072 | D:5      | Paralysed by Grinder for 5 turns
  3091 | D:5      | Killed Grinder
  3092 | D:5      | Reached XP level 8. HP: 41/72 MP: 6/6
  3109 | D:5      | Found a runed translucent door.
  3110 | D:5      | Noticed Crazy Yiuf
  3240 | D:5      | Noticed Edmund
  3259 | D:5      | Killed Edmund
  3705 | D:6      | Reached skill level 5 in Polearms
  3777 | D:6      | Reached skill level 7 in Axes
  4404 | D:7      | Reached * piety under Makhleb
  4405 | D:7      | Reached skill level 5 in Shields
  4444 | D:7      | Found a flagged portal.
  4454 | D:7      | Identified the +3 halberd of Terra Cotta {antimagic, rElec
                  | Str+3}
  4458 | Bailey   | Entered a bailey
  4473 | Bailey   | Slain by an ogre

Illustrated notes

Levels and vault maps discovered:
D:1:      dpeg_arrival_water_temple_mockup, layout_basic
D:2:      layout_loops_cross, serial_shops, nicolae_shop_stone, basic_altar,
          grunt_ministairs_10
D:3:      layout_rooms, fiery_altar_vehumet, kennysheep_orc_sif_temple,
          ebering_ghost_reflecting_pool, uniq_terence
D:4:      layout_gridville, mainiacjoe_overflow_24_doors,
          fedhas_altar_fruit_tree, nicolae_underground_beach, uniq_sigmund
D:5:      layout_loops_ring, mainiacjoe_overflow_boulevard, temple_doors_cd,
          eino_tiny_chamber, chequers_serial_rivers_micro_b,
          chequers_serial_rivers_micro_c, minmay_crystal_water,
          kennysheep_generic_room_8, uniq_edmund, uniq_grinder,
          uniq_blork_the_orc, uniq_crazy_yiuf_cottage
D:6:      layout_cave_pods
D:7:      cheibrodos_iron_armory, layout_basic, enter_bailey_2, serial_aquarium,
          aquarium_bridge_long_joined [aquarium_subvault_bridge,
          aquarium_subvault_window, aquarium_subvault_bridge,
          aquarium_subvault_bridge, aquarium_subvault_bridge,
          aquarium_subvault_bridge], aquarium_window_corridor_3,
          aquarium_window_1, aquarium_view_2a, aquarium_view_2c, aquarium_pool_2
Bailey:   bailey_polearm_enchanted_keep_hellmonk, bailey

Skill      XL: |  1  2  3  4  5  6  7  8 |
---------------+-------------------------+-----
Fighting       | 3 4 |  4.6
Axes           | 3 4 5 6 7 |  7.1
Armour         | 4 5 6 |  6.3
Shields        | 4 5 |  5.0
Polearms       | 1 4 5 |  5.5

Action                   |  1- 3 |  4- 6 |  7- 9 || total
-------------------------+-------+-------+-------++-------
Melee: War axe           |    88 |    40 |       ||   128
       Spear             |       |    55 |   200 ||   255
 Abil: Heal Wounds       |       |     1 |     5 ||     6
  Use: Potion            |       |       |     1 ||     1
Armor: Scale mail        |    62 |    47 |    87 ||   196
Dodge: Dodged            |    53 |    40 |    68 ||   161
Block: Buckler           |    22 |    18 |    42 ||    82
